Get step-by-step instructions on how to execute this build order below. Start the game timer, and the build order will tick by so you can play in parallel with StarCraft on a second screen or mobile device.

Game Time

  0:00

Last Step

  N/A

Next Step

  12  0:00  Drone  

Upcoming Step

  13  0:12  Overlord  

Don't want to look back and forth between 2 screens? Try out our Overwolf App, the Spawning Tool Build Advisor to get an in-game overlay with this build!

Complete Build Order

  12  0:00  Drone  
  13  0:12  Overlord  
  13  0:18  Drone  
  14  0:30  Drone  
  14  0:31  Drone  
  16  0:51  Hatchery, Drone  
  16  0:55  Drone  
  17  0:58  Drone  
  18  1:09  Extractor  
  17  1:14  Spawning Pool  
  17  1:16  Drone  
  17  1:20  Drone  
  18  1:27  Drone  
  19  1:38  Drone  
  20  1:50  Drone  
  21  2:01  Zergling x2  
  21  2:02  Queen  
  21  2:03  Queen, Overlord  
  26  2:08  Metabolic Boost  
  26  2:12  Zergling x2  
  27  2:24  Drone x3  
  30  2:34  Drone  
  30  2:36  Drone  
  32  2:46  Hatchery  
  30  2:52  Zergling x2  
  31  2:58  Baneling Nest  
  31  2:59  Drone  
  31  3:01  Overlord  
  31  3:04  Zergling x2  
  30  3:21  Zergling x6  
  30  3:22  Zergling x2  
  30  3:27  Zergling x4  
  35  3:33  Zergling x4  
  34  3:45  Zergling x4  
  34  3:57  Zergling x10  
  39  4:05  Baneling x2  
  39  4:07  Baneling  
  39  4:08  Baneling x4  
  39  4:11  Zergling x4  
  38  4:24  Zergling x4  
  38  4:25  Zergling x4  
  35  4:42  Zergling x12  
  39  4:50  Drone  
  39  4:51  Drone  
  37  4:54  Drone  
  37  4:57  Drone  
  37  5:04  Drone x2  
  36  5:07  Drone  
  36  5:08  Drone  
  38  5:16  Spore Crawler  
  38  5:18  Drone  
  38  5:19  Drone  
  39  5:23  Spore Crawler  
  39  5:27  Overlord  
  38  5:29  Drone  
  38  5:31  Drone  
  38  5:33  Drone  
  41  5:38  Drone x2  
  41  5:41  Drone  
  40  5:44  Drone  
  40  5:47  Overlord